Map: [ESL] Data-C

Players

ShoWTimE

  • Race: Protoss Protoss
  • Spawn Location: 9:00

Serral - Winner!

  • Race: Zerg Zerg
  • Spawn Location: 3:00

Event: DreamHack SC2 Masters 2022 Atlanta (Online)

VOD

Have the link to the VOD?

Description

Time

  • Played on: Sept. 30, 2022, 1:37 p.m.
  • Length: 23:14

All games in this series

Show
View Real Time Build Order
Export as new Build Order

ShoWTimE Protoss 

Build Orders: 1 Gate Expand, Oracle Opening, Carriers 

Get SALT Encoding   

  12  0:00  Probe  
  13  0:12  Probe  
  14  0:18  Pylon  
  14  0:24  Probe (Chrono Boost)  
  15  0:36  Probe (Chrono Boost)  
  15  0:39  Gateway  
  16  0:45  Probe (Chrono Boost)  
  16  0:46  Assimilator  
  17  0:51  Probe  
  18  1:03  Probe  
  19  1:15  Probe  
  20  1:24  Nexus  
  20  1:27  Probe  
  21  1:38  Cybernetics Core  
  21  1:42  Assimilator  
  21  1:46  Probe  
  22  1:53  Pylon  
  22  1:58  Probe  
  23  2:11  Probe (Chrono Boost)  
  23  2:14  Adept  
  26  2:16  Stargate  
  26  2:21  Probe (Chrono Boost)  
  27  2:25  Warp Gate  
  27  2:26  Probe (Chrono Boost)  
  28  2:36  Probe (Chrono Boost)  
  29  2:43  Probe (Chrono Boost)  
  29  2:44  Stalker  
  32  2:45  Probe (Chrono Boost)  
  32  2:50  Probe x2 (Chrono Boost)  
  34  2:58  Oracle (Chrono Boost)  
  35  3:02  Probe x2  
  40  3:07  Pylon  
  40  3:14  Probe x2  
  42  3:25  Oracle (Chrono Boost)  
  42  3:26  Probe x2  
  47  3:37  Nexus  
  47  3:38  Probe  
  47  3:40  Probe  
  49  3:44  Pylon  
  49  3:49  Assimilator  
  49  3:50  Probe  
  49  3:52  Probe  
  49  3:54  Oracle (Chrono Boost)  
  51  4:02  Probe, Assimilator  
  55  4:04  Probe  
  55  4:08  Pylon  
  56  4:14  Probe  
  56  4:15  Twilight Council  
  57  4:18  Probe  
  58  4:26  Probe  
  58  4:30  Probe  
  60  4:32  Gateway  
  60  4:35  Gateway  
  60  4:36  Stalker  
  62  4:38  Probe  
  62  4:39  Forge  
  62  4:42  Probe  
  64  4:51  Probe (Chrono Boost)  
  64  4:52  Blink (Chrono Boost)  
  65  4:54  Probe (Chrono Boost)  
  65  4:56  Probe (Chrono Boost)  
  65  4:59  Stalker  
  69  5:03  Probe (Chrono Boost)  
  69  5:05  Probe x2 (Chrono Boost)  
  69  5:06  Pylon  
  72  5:08  Probe (Chrono Boost)  
  72  5:09  Probe (Chrono Boost)  
  72  5:10  Probe (Chrono Boost)  
  75  5:16  Protoss Ground Weapons Level 1  
  75  5:17  Probe  
  75  5:20  Probe  
  76  5:22  Shield Battery, Probe, Pylon  
  77  5:29  Probe  
  77  5:30  Stalker x3  
  77  5:32  Probe  
  77  5:34  Probe  
  86  5:36  Pylon  
  86  5:41  Probe  
  86  5:42  Assimilator  
  87  5:45  Probe  
  87  5:46  Assimilator  
  88  5:53  Stalker x3  
  94  5:57  Templar Archives  
  94  5:59  Probe x2, Pylon  
  96  6:05  Photon Cannon  
  96  6:17  Gateway  
  96  6:18  Stalker x3  
  96  6:20  Gateway  
  96  6:21  Gateway  
  102  6:27  Charge (Chrono Boost)  
  102  6:29  Psionic Storm  
  102  6:33  Pylon  
  102  6:36  Nexus, Probe x3  
  105  6:48  Probe x2  
  105  6:52  Photon Cannon  
  105  6:53  Shield Battery  
  108  6:54  Probe  
  108  6:56  High Templar x3  
  108  6:57  Pylon  
  108  7:00  Probe x2  
  116  7:02  Gateway  
  116  7:07  Probe  
  117  7:10  Gateway  
  117  7:12  Probe  
  117  7:15  Probe  
  119  7:17  Robotics Facility, High Templar x2  
  119  7:19  Probe  
  119  7:20  Protoss Ground Weapons Level 2 (Chrono Boost)  
  119  7:21  Photon Cannon  
  124  7:24  Probe  
  124  7:27  Probe  
  124  7:29  Assimilator  
  126  7:30  Assimilator  
  126  7:31  Probe  
  126  7:32  Gateway  
  126  7:33  Gateway  
  126  7:35  Forge  
  127  7:41  Probe x2, Pylon  
  127  7:43  Probe  
  130  7:45  High Templar  
  133  7:51  Probe  
  133  7:55  Pylon  
  133  7:57  Photon Cannon, Pylon  
  133  7:58  Photon Cannon  
  133  8:09  Probe x2  
  133  8:10  Observer (Chrono Boost)  
  134  8:13  High Templar x3  
  134  8:17  High Templar  
  134  8:18  Protoss Shields Level 1 (Chrono Boost), Gateway  
  142  8:20  Archon  
  142  8:21  Archon  
  142  8:25  Zealot  
  142  8:26  Zealot x4, Immortal (Chrono Boost)  
  152  8:30  Pylon  
  152  8:32  Pylon  
  156  8:44  Photon Cannon  
  156  8:45  Photon Cannon  
  156  8:46  High Templar x3  
  162  8:50  Photon Cannon, Pylon  
  162  8:51  Archon, Pylon  
  162  8:52  High Templar  
  162  8:53  Photon Cannon  
  164  8:56  Shield Battery  
  164  8:57  Archon  
  164  8:58  Photon Cannon  
  164  9:01  Immortal (Chrono Boost)  
  168  9:06  Protoss Air Weapons Level 1 (Chrono Boost), Pylon  
  157  9:26  Stalker  
  157  9:27  Zealot x5  
  169  9:31  Stargate, Fleet Beacon  
  169  9:33  Stargate  
  167  9:48  Protoss Ground Weapons Level 3 (Chrono Boost)  
  167  9:53  Photon Cannon  
  160  10:01  Immortal (Chrono Boost)  
  160  10:02  Zealot x8  
  180  10:11  Nexus, Carrier (Chrono Boost)  
  180  10:20  Photon Cannon  
  180  10:21  Carrier x2 (Chrono Boost)  
  190  10:22  Photon Cannon  
  190  10:24  Photon Cannon  
  190  10:25  Shield Battery  
  188  10:30  Protoss Ground Armor Level 1  
  178  10:39  Shield Battery  
  178  10:41  Shield Battery  
  178  10:42  Pylon  
  174  10:47  Assimilator  
  174  10:50  Shield Battery  
  174  10:53  Mothership  
  182  10:59  Zealot x4  
  182  11:00  Carrier (Chrono Boost)  
  196  11:10  Protoss Air Weapons Level 2 (Chrono Boost)  
  196  11:17  Carrier (Chrono Boost)  
  196  11:20  Carrier (Chrono Boost)  
  192  11:32  Assimilator  
  192  11:36  Pylon  
  192  11:40  Stargate  
  192  11:53  Photon Cannon  
  192  11:55  Pylon  
  198  12:03  Carrier (Chrono Boost)  
  198  12:11  Photon Cannon  
  198  12:13  Photon Cannon  
  198  12:15  Photon Cannon  
  198  12:16  Observer  
  194  12:25  Carrier x2 (Chrono Boost)  
  193  12:38  Protoss Shields Level 2  
  198  12:49  Carrier (Chrono Boost)  
  185  12:52  Carrier (Chrono Boost)  
  190  13:03  Warp Prism  
  192  13:14  Photon Cannon  
  192  13:16  Photon Cannon x2  
  192  13:18  Photon Cannon  
  192  13:19  Carrier (Chrono Boost)  
  198  13:27  Pylon  
  198  13:30  Pylon  
  198  13:33  Protoss Air Weapons Level 3 (Chrono Boost)  
  198  13:39  Gateway  
  198  13:41  Gateway  
  198  13:42  Protoss Ground Armor Level 2 (Chrono Boost), Zealot, Gateway  
  198  13:45  Gateway  
  200  13:55  Nexus  
  200  13:58  Pylon  
  200  14:09  Carrier x2 (Chrono Boost)  
  193  14:17  Zealot x3  
  193  14:19  Carrier (Chrono Boost)  
  185  14:27  Stalker x8  
  175  14:41  Zealot x6  
  185  14:48  Carrier (Chrono Boost)  
  179  14:57  High Templar x3  
  179  14:58  High Templar  
  189  15:13  Carrier (Chrono Boost)  
  184  15:16  Carrier x2 (Chrono Boost)  
  190  15:23  High Templar x4  
  196  15:28  Archon x2  
  196  15:29  Zealot x2  
  196  15:33  Unknown  
  196  15:34  Zealot  
  189  15:50  Protoss Shields Level 3 (Chrono Boost)  
  195  15:57  Carrier (Chrono Boost)  
  195  16:00  Observer  
  196  16:06  Zealot x3  
  196  16:10  Pylon  
  200  16:14  Pylon  
  196  16:34  Zealot x4  
  199  16:40  Nexus  
  191  16:54  Zealot x4  
  181  17:08  High Templar x4  
  181  17:12  Zealot x6  
  181  17:13  Zealot  
  191  17:19  Zealot x2, Observer  
  191  17:20  Zealot  
  195  17:25  Zealot  
  197  17:40  Observer  
  197  17:44  Protoss Air Armor Level 1 (Chrono Boost)  
  191  17:46  Zealot x4  
  185  17:59  Nexus  
  185  18:00  Pylon  
  185  18:19  Pylon  
  177  18:22  High Templar x11  
  177  18:23  High Templar x3  
  177  18:24  Nexus  
  177  18:26  Archon x4  
  177  18:27  Archon x3  
  199  18:33  Pylon  
  199  18:54  Stalker  
  196  18:59  Stalker x2  
  194  19:07  Zealot x6  
  159  19:35  Stalker  
  103  19:43  High Templar x10  
  103  19:44  High Templar x4  
  110  19:47  Observer (Chrono Boost)  
  110  19:48  Archon x4  
  110  19:49  Archon  
  105  19:57  Oracle (Chrono Boost)  
  103  20:00  Observer (Chrono Boost)  
  107  20:07  Stalker  
  105  20:15  Stalker x4  
  105  20:16  Stalker x3  
  105  20:17  Zealot x2  
  121  20:26  Observer (Chrono Boost)  
  122  20:31  Assimilator  
  122  20:35  Assimilator  
  122  20:39  Immortal (Chrono Boost)  
  126  20:49  Stalker x4  
  130  20:55  Zealot x2  
  134  21:07  Zealot x5  
  138  21:18  Stalker x3  
  73  21:27  Observer  
  66  21:34  Zealot x3, Stalker x2  
  72  21:43  Stalker  
  74  21:55  Oracle (Chrono Boost)  
  74  22:00  Stalker x2  
  74  22:10  Immortal (Chrono Boost)  
  72  22:23  High Templar  
  72  22:25  Zealot x2  
  75  22:31  Zealot  
  77  22:43  Observer  
  78  22:54  Zealot x3  
Show
View Real Time Build Order
Export as new Build Order

Serral Zerg - Winner!

Build Orders: Hatch First, Lurkers 

Get SALT Encoding   

  12  0:00  Drone  
  13  0:13  Overlord  
  13  0:16  Drone  
  14  0:31  Drone  
  14  0:32  Drone  
  16  0:48  Hatchery  
  15  0:51  Drone  
  15  0:55  Drone  
  17  0:58  Drone  
  18  1:09  Extractor  
  17  1:14  Spawning Pool  
  17  1:18  Drone  
  17  1:20  Drone  
  18  1:28  Drone  
  19  1:39  Drone  
  20  1:50  Overlord  
  20  2:00  Queen  
  20  2:01  Queen  
  22  2:04  Zergling x4  
  26  2:13  Drone x2  
  28  2:16  Metabolic Boost  
  28  2:22  Drone x2  
  30  2:39  Hatchery  
  30  2:41  Drone  
  30  2:42  Drone  
  31  2:49  Queen  
  33  2:54  Overlord  
  33  2:56  Drone  
  34  2:59  Drone  
  34  3:01  Drone  
  36  3:06  Overlord  
  36  3:11  Queen  
  38  3:14  Drone  
  38  3:15  Drone  
  38  3:18  Drone  
  38  3:19  Drone  
  42  3:21  Drone  
  42  3:24  Drone  
  44  3:28  Queen  
  44  3:31  Drone  
  47  3:39  Drone, Overlord  
  47  3:40  Drone x2  
  50  3:47  Queen  
  50  3:48  Spore Crawler  
  51  3:49  Drone  
  51  3:51  Drone  
  53  3:56  Zergling x4  
  53  3:57  Zergling x2  
  53  3:58  Zergling x2  
  53  3:59  Drone  
  58  4:03  Drone  
  58  4:04  Spore Crawler  
  58  4:07  Overlord  
  58  4:11  Drone x2  
  58  4:14  Zergling x2  
  61  4:17  Overlord  
  61  4:18  Drone  
  61  4:19  Drone  
  61  4:24  Drone  
  61  4:25  Drone x3  
  62  4:31  Evolution Chamber  
  62  4:32  Drone  
  62  4:34  Drone  
  62  4:36  Drone x3  
  66  4:41  Drone x3  
  69  4:46  Drone x3  
  69  4:48  Overlord  
  69  4:49  Drone  
  73  4:53  Drone, Overlord  
  73  4:58  Zerg Melee Weapons Level 1  
  71  5:03  Baneling Nest, Queen  
  71  5:05  Drone x2  
  71  5:07  Drone  
  75  5:12  Zergling x2  
  76  5:15  Drone x4  
  76  5:18  Lair  
  76  5:19  Extractor x2  
  77  5:27  Drone x4  
  77  5:28  Hatchery  
  80  5:30  Drone  
  80  5:32  Overlord  
  80  5:33  Drone x2  
  80  5:34  Drone  
  84  5:41  Extractor  
  84  5:42  Drone x3  
  86  5:43  Drone  
  86  5:48  Zergling x16  
  93  5:54  Overlord  
  93  5:58  Zergling x2  
  94  6:05  Zergling x4  
  94  6:09  Zergling x8, Extractor  
  99  6:11  Overlord  
  99  6:13  Zergling x6  
  99  6:15  Zergling x2  
  103  6:19  Hatchery  
  103  6:21  Infestation Pit  
  102  6:25  Drone  
  102  6:26  Drone x4  
  102  6:28  Extractor  
  102  6:31  Drone  
  106  6:33  Drone x2  
  106  6:39  Drone x3  
  110  6:40  Drone x2  
  110  6:44  Overlord  
  110  6:45  Hydralisk Den, Drone x2  
  112  6:49  Queen  
  112  6:50  Overlord  
  112  6:51  Drone x3  
  112  6:52  Overlord  
  117  6:54  Drone  
  117  6:56  Zergling x2  
  117  6:57  Overlord  
  117  7:00  Hive  
  119  7:01  Overlord  
  119  7:02  Overlord  
  119  7:05  Overlord  
  119  7:07  Extractor  
  119  7:08  Zerg Melee Weapons Level 2  
  118  7:11  Evolution Chamber  
  117  7:16  Extractor  
  117  7:17  Drone x4  
  117  7:18  Drone x2, Lurker Den  
  117  7:19  Zergling x6  
  124  7:22  Spore Crawler  
  124  7:26  Overseer, Drone  
  124  7:27  Drone  
  124  7:28  Zergling x10  
  130  7:35  Hatchery  
  130  7:36  Pneumatized Carapace  
  129  7:37  Zerg Missile Weapons Level 1  
  129  7:38  Overlord  
  129  7:42  Queen  
  129  7:43  Queen  
  133  7:47  Hydralisk x2  
  133  7:48  Zergling x4, Hydralisk x4  
  146  7:51  Drone  
  146  7:52  Drone  
  146  7:56  Zergling x2, Hydralisk x2  
  146  7:57  Zergling x6  
  156  7:59  Overlord  
  152  8:16  Lurker x6  
  152  8:18  Seismic Spines  
  159  8:20  Drone x4  
  159  8:24  Lurker x2  
  164  8:28  Extractor  
  164  8:30  Adrenal Glands  
  164  8:33  Spore Crawler, Extractor  
  161  8:35  Hydralisk x2  
  161  8:36  Zergling x16  
  173  8:47  Overseer  
  173  8:52  Hydralisk x3  
  179  8:55  Spire  
  179  8:56  Hydralisk  
  179  8:58  Drone x2  
  179  8:59  Spine Crawler  
  179  9:01  Spine Crawler  
  176  9:12  Lurker x2  
  176  9:15  Adaptive Talons  
  158  9:18  Hydralisk x6  
  158  9:19  Zergling x28  
  158  9:24  Lurker x3  
  179  9:31  Lurker  
  179  9:39  Drone x4  
  179  9:40  Hydralisk x4  
  179  9:42  Spine Crawler  
  179  9:43  Zerg Ground Armor Level 1, Zerg Missile Weapons Level 2  
  187  9:50  Lurker  
  185  9:54  Overlord x2  
  185  9:55  Spine Crawler x3  
  185  9:57  Spine Crawler, Overlord  
  167  10:03  Drone x5  
  167  10:04  Overlord x2  
  167  10:05  Overseer  
  168  10:11  Greater Spire  
  168  10:12  Zergling x8  
  172  10:24  Lurker  
  172  10:25  Lurker x2  
  172  10:26  Zergling x12  
  181  10:31  Drone x4  
  181  10:33  Drone  
  175  10:35  Drone  
  175  10:36  Spine Crawler  
  175  10:37  Spine Crawler  
  175  10:38  Spine Crawler  
  175  10:39  Corruptor x5  
  183  10:46  Corruptor x3  
  189  11:04  Viper x2  
  189  11:06  Overseer  
  189  11:08  Spire  
  190  11:19  Corruptor  
  190  11:20  Corruptor x4  
  194  11:31  Zerg Flyer Armor Level 1  
  194  11:32  Hatchery  
  193  11:35  Hatchery  
  193  11:37  Overseer  
  192  11:43  Burrow  
  187  11:49  Spore Crawler  
  187  11:50  Spore Crawler x4, Corruptor x2  
  187  11:52  Spore Crawler  
  185  11:55  Drone x6  
  185  11:56  Drone x2  
  193  12:04  Spore Crawler  
  193  12:05  Spore Crawler x4, Muscular Augments  
  193  12:06  Spore Crawler x3  
  193  12:07  Zerg Melee Weapons Level 3  
  185  12:12  Zerg Ground Armor Level 2  
  181  12:32  Zerg Flyer Weapons Level 1  
  181  12:33  Pathogen Glands  
  181  12:35  Corruptor x3  
  187  13:04  Lurker x3  
  187  13:05  Overlord  
  187  13:08  Drone x3  
  187  13:10  Extractor  
  189  13:13  Unknown, Extractor  
  189  13:16  Grooved Spines, Drone x3  
  189  13:17  Spore Crawler, Drone x2  
  189  13:18  Spore Crawler  
  189  13:19  Spore Crawler x3, Overlord  
  187  13:20  Overlord  
  187  13:26  Spore Crawler x2, Zerg Flyer Armor Level 2  
  185  13:27  Spore Crawler  
  185  13:28  Infestor x5  
  185  13:29  Corruptor x2, Neural Parasite  
  198  13:37  Spore Crawler x2  
  198  13:38  Spore Crawler, Drone x2  
  198  13:39  Spore Crawler, Drone  
  197  14:05  Infestor  
  182  14:20  Hydralisk  
  182  14:21  Hydralisk x5  
  182  14:22  Hydralisk x8  
  188  14:26  Hydralisk  
  188  14:27  Hydralisk x6  
  188  14:29  Hydralisk  
  195  14:38  Hydralisk, Infestor x2  
  190  14:39  Hydralisk  
  192  14:48  Zergling x16  
  192  14:50  Lurker  
  192  14:51  Lurker  
  196  14:55  Lurker x2  
  198  15:08  Corruptor  
  200  15:19  Drone x3  
  200  15:20  Corruptor  
  200  15:21  Corruptor  
  199  15:39  Drone  
  196  15:45  Zerg Ground Armor Level 3  
  193  15:52  Overseer  
  193  15:53  Overseer x3  
  193  16:02  Corruptor x3  
  197  16:15  Zerg Flyer Weapons Level 2, Zerg Flyer Armor Level 3  
  197  16:20  Zergling x2  
  197  16:21  Zergling x4  
  197  16:24  Hatchery  
  199  16:27  Spore Crawler x2  
  199  16:28  Spore Crawler  
  196  16:37  Corruptor x2  
  194  16:51  Corruptor x5  
  192  17:04  Infestor x5  
  187  17:24  Zergling x6  
  188  17:31  Corruptor x4, Hatchery  
  188  17:32  Hatchery  
  192  17:50  Hatchery  
  188  18:11  Brood Lord x5  
  195  18:25  Corruptor x2  
  195  18:26  Spore Crawler  
  198  18:29  Spore Crawler  
  198  18:31  Spore Crawler  
  184  18:50  Infestor x2  
  170  18:57  Drone x10  
  170  18:58  Corruptor x6  
  177  19:09  Spire  
  121  19:54  Hydralisk x3  
  121  19:58  Hatchery  
  126  20:07  Hydralisk  
  126  20:10  Hydralisk  
  129  20:23  Hydralisk x2  
  133  20:35  Lurker x4  
  137  20:47  Hydralisk  
  135  20:56  Hydralisk  
  135  20:57  Hydralisk  
  135  20:59  Lurker  
  140  21:08  Hydralisk  
  127  21:21  Hydralisk x3  
  127  21:27  Hydralisk  
  126  21:40  Zergling x12  
  129  21:56  Lurker x4  
  133  22:01  Hatchery  
  133  22:02  Hydralisk  
  134  22:13  Hydralisk x3  
  139  22:21  Infestor x2  
  139  22:25  Hydralisk  
  139  22:26  Hydralisk x3  
  147  22:36  Hydralisk  
  147  22:37  Hydralisk x2  
  144  22:42  Unknown  
  148  22:45  Drone x3  
Tags
 
Add a new tag
Caveats
  • Supply blocks, unpowered buildings, or Contaminate may cause inaccurate times.
  • Supply counts are checked every 10 seconds.